 Dungeon Crawl Stone Soup version 0.23.2-1-ga50397a (webtiles) character file.

Game seed: 16739637757610078346

335 troglodite the Grave Robber (level 6, -1/42 HPs)
             Began as a Demonspawn Necromancer on May 30, 2019.
             Killed from afar by Dowan (10 damage)
             ... with a wand of flame (14)
             ... on level 4 of the Dungeon.
             The game lasted 00:15:14 (3717 turns).

troglodite the Grave Robber (DsNe)                  Turns: 3717, Time: 00:15:14

Health: -1/42      AC:  5    Str:  8    XL:     6   Next: 28%
Magic:  9/11       EV: 10    Int: 17    God:
Gold:   169        SH:  0    Dex: 15    Spells: 3/12 levels left

rFire    . . .     SeeInvis .   m - +2 war axe (elec)
rCold    . . .     Gourm    .   (no shield)
rNeg     . . .     Faith    .   o - +0 ring mail
rPois    +         Spirit   .   (helmet restricted)
rElec    .         Reflect  .   p - scarf {cloud immunity}
rCorr    +         Harm     .   (no gloves)
MR       .....                  (no boots)
Stlth    ++........             (no amulet)
HPRegen  0.14/turn              y - ring of poison resistance
MPRegen  0.12/turn              z - ring of resist corrosion

@: no status effects
A: antennae 1, powered by death 2
a: no special abilities


You were on level 4 of the Dungeon.
You were not hungry.

You visited 1 branch of the dungeon, and saw 4 of its levels.

You collected 169 gold pieces.

Inventory:

Hand Weapons
 b - a +0 dagger
 m - a +2 war axe of electrocution (weapon)
 q - a +1 short sword of electrocution
Missiles
 n - 90 stones (quivered)
Armour
 o - a +0 ring mail (worn)
 p - a scarf of cloud immunity (worn)
 r - a +0 cloak
Jewellery
 y - a ring of poison resistance (left hand)
 z - a ring of resist corrosion (right hand)
Scrolls
 e - a scroll of enchant armour {unknown}
 f - a scroll of amnesia
 w - a scroll of immolation {unknown}
 x - a scroll of magic mapping {unknown}
Potions
 a - a potion of lignification {unknown}
 d - a potion of resistance {unknown}
 g - a potion of magic {unknown}
 i - 2 potions of agility
 k - a potion of flight {unknown}
 s - a potion of cancellation {unknown}
 u - a potion of mutation {unknown}
Comestibles
 c - 4 rations
 t - a chunk of flesh


   Skills:
 + Level 0.6 Fighting
 + Level 0.6 Axes
 * Level 1.0 Armour
 * Level 2.2 Dodging
 * Level 2.7 Stealth
 * Level 3.5 Spellcasting
 * Level 1.5 Charms
 * Level 6.0 Necromancy


You had 3 spell levels left.
You knew the following spells:

 Your Spells              Type           Power        Failure   Level  Hunger
a - Pain                  Necr           ###.         4%          1    None
b - Regeneration          Chrm/Necr      ###.......   32%         3    ###....
c - Animate Dead          Necr           N/A          38%         4    ####...
d - Animate Skeleton      Necr           N/A          4%          1    None

Your spell library contained the following spells:

 Spells                   Type           Power        Failure   Level  Hunger
 Vampiric Draining        Necr           ###.......   13%         3    ###....


Dungeon Overview and Level Annotations

Branches:
Dungeon (4/15)
 Temple: D:4-7

Altars:
Elyvilon
Okawaru
Ru
Yredelemnul

Annotations:
D:4 Dowan


Innate Abilities, Weirdness & Mutations

You have a pair of small antennae on your head.
You regenerate health from kills.


Message History

Confirm with . or Enter, or press ? or * to list all spells.
Okay, then.
Unknown command.
Casting: Animate Skeleton (safe; 4% risk of failure)
Confirm with . or Enter, or press ? or * to list all spells.
Aiming: Pain (safe; 4% risk of failure)
Press: ? - help, Shift-Dir - straight line, f - Dowan
Aim: Dowan, wielding a +0 dagger, wearing a +0 robe and carrying a wand of flame (15) (moderately wounded, fast, chance to defeat MR: 83%) Dowan writhes in agony.
Dowan hits you with a +0 dagger.
Dowan zaps a wand.
The puff of flame hits you.
* * * LOW HITPOINT WARNING * * *
Casting: Pain (safe; 4% risk of failure)
Confirm with . or Enter, or press ? or * to list all spells.
Aiming: Pain (safe; 4% risk of failure)
Press: ? - help, Shift-Dir - straight line, f/p - Dowan
Aim: Dowan, wielding a +0 dagger, wearing a +0 robe and carrying a wand of flame (14) (moderately wounded, fast, chance to defeat MR: 83%) Dowan writhes in agony.
Dowan gestures at you while chanting. The stone arrow misses you.
Dowan zaps a wand.
The puff of flame hits you!
You die...

#.$## e#.# ...
...# ###
#.##e.###...
#.<.....?.#
#######......#
#...)..e.....#
#.######.....#
#e# #......#
#.# #@###### #.
#.# #e#
##...#.#####.#
#.............#
#.#...#########
####


You could see Dowan.

Vanquished Creatures
  Duvessa (D:4)
  A scorpion (D:4)
  A worker ant (D:3)
  6 adders
  2 oozes
  A worm (D:2)
  3 dart slugs
  3 leopard geckos
  9 orcs
  5 giant cockroaches
  8 goblins
  5 hobgoblins
  4 jackals (D:3)
  3 ball pythons
  5 bats
  5 frilled lizards
  7 kobolds
  11 rats
80 creatures vanquished.

Notes
Turn   | Place    | Note
-------+----------+-------------------------------------------
     0 | D:1      | troglodite the Demonspawn Necromancer began the quest for
                  | the Orb.
     0 | D:1      | Reached XP level 1. HP: 13/13 MP: 3/3
   404 | D:1      | Gained mutation: You regenerate a little health from kills.
                  | [demonic ancestry]
   404 | D:1      | Reached XP level 2. HP: 19/19 MP: 1/5
  1337 | D:2      | Reached skill level 5 in Necromancy
  1337 | D:2      | Reached XP level 3. HP: 20/24 MP: 1/6
  1390 | D:2      | Learned a level 3 spell: Regeneration
  1635 | D:2      | You fall through a shaft!
  1948 | D:2      | Gained mutation: You have a pair of small antennae on your
                  | head. [demonic ancestry]
  1948 | D:2      | Reached XP level 4. HP: 27/30 MP: 1/8
  2167 | D:2      | Found a basalt altar of Yredelemnul.
  2285 | D:2      | Found a white marble altar of Elyvilon.
  2441 | D:2      | Found an iron altar of Okawaru.
  2644 | D:3      | Learned a level 4 spell: Animate Dead
  2646 | D:3      | Learned a level 1 spell: Animate Skeleton
  2724 | D:3      | Reached XP level 5. HP: 8/35 MP: 1/9
  3030 | D:3      | Found a sacrificial altar of Ru.
  3686 | D:4      | Noticed Duvessa
  3686 | D:4      | Noticed Dowan
  3690 | D:4      | Reached skill level 1 in Charms
  3701 | D:4      | Killed Duvessa
  3701 | D:4      | Reached skill level 1 in Armour
  3701 | D:4      | Reached skill level 6 in Necromancy
  3701 | D:4      | Gained mutation: You regenerate health from kills. [demonic
                  | ancestry]
  3701 | D:4      | Reached XP level 6. HP: 16/42 MP: 9/11
  3717 | D:4      | Killed from afar by Dowan

Skill      XL: |  1  2  3  4  5 |
---------------+----------------+-----
Necromancy     | 5 6 |  6.0
Stealth        | 2 |  2.7
Spellcasting   | 3 |  3.5
Dodging        | 2 |  2.2
Charms         | 1 |  1.5
Armour         | 1 |  1.0
Fighting       | |  0.6
Axes           | |  0.6

Action                   |  1- 3 |  4- 6 || total
-------------------------+-------+-------++-------
Melee: Dagger            |    53 |       ||    53
       War axe           |       |    64 ||    64
 Cast: Pain              |    57 |    58 ||   115
  Use: Scroll            |       |     6 ||     6
 Stab: Sleeping          |     1 |     1 ||     2
  Eat: Chunk             |     3 |     6 ||     9
Armor: Robe              |     7 |       ||     7
       Ring mail         |    19 |    36 ||    55
Dodge: Dodged            |    60 |    43 ||   103
